TOP OF THE 1ST |
Beech Mountain Mountaineers batting - Pitching for Orlando Calrissian : RHP Dave Heath
|
Pitching: RHP Dave Heath
|
|
Batting: RHB Jared Thompson
|
0-0: Swinging Strike 0-1: Ball 1-1: Ground out 6-3 (Groundball, 6)
|
Batting: RHB Rafael González
|
0-0: Swinging Strike 0-1: Ground out 6-3 (Groundball, 56)
|
Batting: LHB Chris Bates
|
0-0: Called Strike 0-1: Fly out, F9 (Flyball, 9LM)
|
Top of the 1st over - 0 run(s), 0 hit(s), 0 error(s), 0 left on base; Beech Mountain 0 - Orlando 0 |
BOTTOM OF THE 1ST |
Orlando Calrissian batting - Pitching for Beech Mountain Mountaineers : RHP Fernand Picard
|
Pitching: RHP Fernand Picard
|
|
Batting: RHB Jesús Gonzáles
|
0-0: Foul Ball, location: 2F 0-1: Ball 1-1: Ground out 4-3 (Groundball, 4)
|
Batting: RHB Júlio Negrón
|
0-0: Swinging Strike 0-1: Ball 1-1: Ball 2-1: Foul Ball, location: 2F 2-2: Ball 3-2: SINGLE (Line Drive, 56D)
|
Batting: RHB Rich Anderson
|
0-0: Ball 1-0: Ball 2-0: Ball 3-0: Base on Balls Júlio Negrón to second
|
Batting: SHB Tim Abbott
|
0-0: Called Strike 0-1: Foul Ball, location: 2F 0-2: Foul Ball, location: 2F 0-2: Foul Ball, location: 2F 0-2: Ball 1-2: Strikes out swinging
|
Batting: LHB Santiago Márquez
|
0-0: Ball 1-0: Ball 2-0: Ball 3-0: Base on Balls Júlio Negrón to third Rich Anderson to second
|
Batting: RHB Frederico Hernández
|
0-0: Foul Ball, location: 2F 0-1: Foul Ball, location: 2F 0-2: Ball 1-2: Foul Ball, location: 2F 1-2: Ground out 5-3 (Groundball, 56S)
|
Bottom of the 1st over - 0 run(s), 1 hit(s), 0 error(s), 3 left on base; Beech Mountain 0 - Orlando 0 |
TOP OF THE 2ND |
Beech Mountain Mountaineers batting - Pitching for Orlando Calrissian : RHP Dave Heath
|
Batting: SHB Juan Castro
|
0-0: Called Strike 0-1: Ball 1-1: Called Strike 1-2: Strikes out swinging
|
Batting: RHB António Zúñiga
|
0-0: Ball 1-0: Called Strike 1-1: Ball 2-1: Ball 3-1: Ground out 4-3 (Groundball, 4)
|
Batting: LHB Lorenzo Quintanilla
|
0-0: Called Strike 0-1: Ground out 5-3 (Groundball, 56)
|
Top of the 2nd over - 0 run(s), 0 hit(s), 0 error(s), 0 left on base; Beech Mountain 0 - Orlando 0 |
BOTTOM OF THE 2ND |
Orlando Calrissian batting - Pitching for Beech Mountain Mountaineers : RHP Fernand Picard
|
Batting: SHB Cristo Ontiveros
|
0-0: Called Strike 0-1: Ground out 4-3 (Groundball, 4)
|
Batting: SHB Brian Price
|
0-0: Called Strike 0-1: Swinging Strike 0-2: Ball 1-2: Foul Ball, location: 2F 1-2: Strikes out looking
|
Batting: RHB José Pérez
|
0-0: Foul Ball, location: 2F 0-1: Ball 1-1: Ball 2-1: Foul Ball, location: 2F 2-2: Foul Ball, location: 2F 2-2: Strikes out swinging
|
Bottom of the 2nd over - 0 run(s), 0 hit(s), 0 error(s), 0 left on base; Beech Mountain 0 - Orlando 0 |
TOP OF THE 3RD |
Beech Mountain Mountaineers batting - Pitching for Orlando Calrissian : RHP Dave Heath
|
Batting: RHB John Anderson
|
0-0: Foul Ball, location: 2F 0-1: Ball 1-1: Foul Ball, location: 2F 1-2: Ground out 6-3 (Groundball, 6M)
|
Batting: LHB Tommy Payne
|
0-0: Ball 1-0: Called Strike 1-1: Ball 2-1: SINGLE (Line Drive, 9S)
|
Batting: RHB Boyd Pittman
|
0-0: Ball 1-0: Swinging Strike 1-1: Called Strike 1-2: Ball 2-2: Fly out, F9 (Flyball, 9)
|
Batting: RHB Jared Thompson
|
0-0: SINGLE (Groundball, 6MD) Tommy Payne to second Runner from 2nd tries for 3rd, SAFE, throw made to third
|
Batting: RHB Rafael González
|
0-0: Called Strike 0-1: Ball 1-1: Ball 2-1: SINGLE (Groundball, 56D) Tommy Payne scores Jared Thompson to second
|
Batting: LHB Chris Bates
|
0-0: Called Strike 0-1: Ball 1-1: Ball 2-1: Ball 3-1: Base on Balls Jared Thompson to third Rafael González to second
|
Batting: SHB Juan Castro
|
0-0: Ball 1-0: Called Strike 1-1: Ball 2-1: Called Strike 2-2: Strikes out swinging
|
Top of the 3rd over - 1 run(s), 3 hit(s), 0 error(s), 3 left on base; Beech Mountain 1 - Orlando 0 |
BOTTOM OF THE 3RD |
Orlando Calrissian batting - Pitching for Beech Mountain Mountaineers : RHP Fernand Picard
|
Batting: RHB Jesús Gonzáles
|
0-0: Ball 1-0: Ball 2-0: Ball 3-0: Called Strike 3-1: DOUBLE (Line Drive, 78M)
|
Batting: RHB Júlio Negrón
|
0-0: Called Strike 0-1: Called Strike 0-2: Ball 1-2: Ball 2-2: Fly out, F8 (Flyball, 8LM)
|
Batting: RHB Rich Anderson
|
0-0: Foul Ball, location: 2F 0-1: Ball 1-1: Ball 2-1: Foul Ball, location: 2F 2-2: Foul Ball, location: 2F 2-2: Foul Ball, location: 2F 2-2: Ground out 6-3 (Groundball, 6) Jesús Gonzáles to third
|
Batting: SHB Tim Abbott
|
0-0: Ball 1-0: Ball 2-0: Foul Ball, location: 2F 2-1: Called Strike 2-2: Ball 3-2: Base on Balls
|
Batting: LHB Santiago Márquez
|
0-0: Ball 1-0: Called Strike 1-1: Ball 2-1: Ball 3-1: Base on Balls Tim Abbott to second
|
Batting: RHB Frederico Hernández
|
0-0: Ball 1-0: SINGLE (Line Drive, 9LS) Jesús Gonzáles scores Tim Abbott to third Santiago Márquez to second
|
Batting: SHB Cristo Ontiveros
|
0-0: SINGLE (Line Drive, 34D) Tim Abbott scores Santiago Márquez to third Frederico Hernández to second Runner from 3rd tries for Home, SAFE, no throw
|
Batting: SHB Brian Price
|
0-0: Ball 1-0: Called Strike 1-1: SINGLE (Line Drive, 5D) Frederico Hernández to third Cristo Ontiveros to second Runner from 3rd tries for Home, SAFE, no throw
|
Batting: RHB José Pérez
|
0-0: Ground out 5-3 (Groundball, 5S)
|
Bottom of the 3rd over - 4 run(s), 4 hit(s), 0 error(s), 2 left on base; Beech Mountain 1 - Orlando 4 |
TOP OF THE 4TH |
Beech Mountain Mountaineers batting - Pitching for Orlando Calrissian : RHP Dave Heath
|
Batting: RHB António Zúñiga
|
0-0: Ball 1-0: Called Strike 1-1: Foul Ball, location: 2F 1-2: Strikes out swinging
|
Batting: LHB Lorenzo Quintanilla
|
0-0: Ground out 1-3 (Groundball, P)
|
Batting: RHB John Anderson
|
0-0: Foul Ball, location: 2F 0-1: Called Strike 0-2: Ball 1-2: Ball 2-2: Ball 3-2: Foul Ball, location: 2F 3-2: Foul Ball, location: 2F 3-2: Fly out, F9 (Line Drive, 9)
|
Top of the 4th over - 0 run(s), 0 hit(s), 0 error(s), 0 left on base; Beech Mountain 1 - Orlando 4 |
BOTTOM OF THE 4TH |
Orlando Calrissian batting - Pitching for Beech Mountain Mountaineers : RHP Fernand Picard
|
Batting: RHB Jesús Gonzáles
|
0-0: Swinging Strike 0-1: Ball 1-1: Ball 2-1: Fly out, F9 (Flyball, 9LM)
|
Batting: RHB Júlio Negrón
|
0-0: Called Strike 0-1: Called Strike 0-2: Ball 1-2: Ball 2-2: Ball 3-2: SINGLE (Line Drive, 4MD)
|
Batting: RHB Rich Anderson
|
0-0: Ball 1-0: Foul Ball, location: 2F 1-1: Foul Ball, location: 2F 1-2: Foul Ball, location: 2F 1-2: Ball 2-2: Foul Ball, location: 2F 2-2: Ball 3-2: Base on Balls Júlio Negrón to second
|
Batting: SHB Tim Abbott
|
0-0: Foul Ball, location: 2F 0-1: Foul Ball, location: 2F 0-2: DOUBLE (Flyball, 78D) Júlio Negrón scores Rich Anderson to third
|
Pitching: RHP Bret McJannett
|
|
Batting: LHB Santiago Márquez
|
0-0: Ball 1-0: Foul Ball, location: 2F 1-1: Swinging Strike 1-2: Ball 2-2: SINGLE (Groundball, 6MD) Rich Anderson scores Tim Abbott to third Runner from 3rd tries for Home, SAFE, throw made home Santiago Márquez to second
|
Batting: RHB Frederico Hernández
|
0-0: Called Strike 0-1: Foul Ball, location: 2F 0-2: Fly out, F9 (Line Drive, 89M)
|
Batting: SHB Cristo Ontiveros
|
0-0: Foul Ball, location: 2F 0-1: Foul Ball, location: 2F 0-2: Ball 1-2: Ball 2-2: Ball 3-2: Base on Balls
|
Batting: SHB Brian Price
|
0-0: Called Strike 0-1: Ball 1-1: Fly out, F7 (Flyball, 7)
|
Bottom of the 4th over - 3 run(s), 3 hit(s), 0 error(s), 2 left on base; Beech Mountain 1 - Orlando 7 |
TOP OF THE 5TH |
Beech Mountain Mountaineers batting - Pitching for Orlando Calrissian : RHP Dave Heath
|
Batting: LHB Tommy Payne
|
0-0: Swinging Strike 0-1: Fly out, F8 (Flyball, 8RM)
|
Batting: RHB Boyd Pittman
|
0-0: Ball 1-0: Foul Ball, location: 2F 1-1: Fly out, F8 (Flyball, 8RM)
|
Batting: RHB Jared Thompson
|
0-0: Called Strike 0-1: Ball 1-1: Called Strike 1-2: SINGLE (Groundball, 6MD)
|
Batting: RHB Rafael González
|
0-0: Ball 1-0: Called Strike 1-1: Fielders Choice at 2nd, 6-4 (Groundball, 6)
|
Top of the 5th over - 0 run(s), 1 hit(s), 0 error(s), 0 left on base; Beech Mountain 1 - Orlando 7 |
BOTTOM OF THE 5TH |
Orlando Calrissian batting - Pitching for Beech Mountain Mountaineers : RHP Bret McJannett
|
Batting: RHB José Pérez
|
0-0: Called Strike 0-1: Swinging Strike 0-2: Ball 1-2: Strikes out looking
|
Batting: RHB Jesús Gonzáles
|
0-0: Ball 1-0: Ground out U3 (Groundball, 34)
|
Batting: RHB Júlio Negrón
|
0-0: Called Strike 0-1: Ball 1-1: Fly out, F9 (Flyball, 3D)
|
Bottom of the 5th over - 0 run(s), 0 hit(s), 0 error(s), 0 left on base; Beech Mountain 1 - Orlando 7 |
TOP OF THE 6TH |
Beech Mountain Mountaineers batting - Pitching for Orlando Calrissian : RHP Dave Heath
|
Batting: LHB Chris Bates
|
0-0: Ground out 4-3 (Groundball, 34)
|
Batting: SHB Juan Castro
|
0-0: Ground out U3 (Groundball, 34)
|
Batting: RHB António Zúñiga
|
0-0: Called Strike 0-1: Ball 1-1: SINGLE (Line Drive, 6MD)
|
Batting: LHB Lorenzo Quintanilla
|
0-0: Ball 1-0: Called Strike 1-1: Ball 2-1: Ball 3-1: SINGLE (Groundball, 56D) António Zúñiga to second
|
Batting: RHB John Anderson
|
0-0: Ball 1-0: SINGLE (Line Drive, 4D) António Zúñiga to third Lorenzo Quintanilla to second
|
Batting: LHB Tommy Payne
|
0-0: Ball 1-0: Ball 2-0: Called Strike 2-1: Ball 3-1: Swinging Strike 3-2: Base on Balls António Zúñiga scores Lorenzo Quintanilla to third John Anderson to second
|
Batting: RHB Boyd Pittman
|
0-0: Ball 1-0: SINGLE (Line Drive, 34D) Lorenzo Quintanilla scores John Anderson to third Tommy Payne to second
|
Batting: RHB Jared Thompson
|
0-0: Called Strike 0-1: Ball 1-1: Fielders Choice at 2nd, 6-4 (Groundball, 6)
|
Top of the 6th over - 2 run(s), 4 hit(s), 0 error(s), 2 left on base; Beech Mountain 3 - Orlando 7 |
BOTTOM OF THE 6TH |
Orlando Calrissian batting - Pitching for Beech Mountain Mountaineers : RHP Bret McJannett
|
Batting: RHB Rich Anderson
|
0-0: Foul Ball, location: 2F 0-1: Ball 1-1: Foul Ball, location: 2F 1-2: SINGLE (Groundball, 56D)
|
Batting: SHB Tim Abbott
|
0-0: Called Strike 0-1: Called Strike 0-2: Strikes out swinging
|
Batting: LHB Santiago Márquez
|
0-0: Ball 1-0: Fly out, F7 (Flyball, 7LM)
|
Batting: RHB Frederico Hernández
|
0-0: Ball 1-0: Ball 2-0: Ball 3-0: Called Strike 3-1: Foul Ball, location: 2F 3-2: Base on Balls Rich Anderson to second
|
Pitching: RHP Jason Mason
|
|
Batting: SHB Cristo Ontiveros
|
0-0: Foul Ball, location: 2F 0-1: Called Strike 0-2: Ball 1-2: Foul Ball, location: 2F 1-2: Ball 2-2: Ball 3-2: Base on Balls Rich Anderson to third Frederico Hernández to second
|
Pitching: RHP Troy Parker
|
|
Batting: SHB Brian Price
|
0-0: Foul Ball, location: 2F 0-1: Foul Ball, location: 2F 0-2: Strikes out swinging
|
Bottom of the 6th over - 0 run(s), 1 hit(s), 0 error(s), 3 left on base; Beech Mountain 3 - Orlando 7 |
TOP OF THE 7TH |
Beech Mountain Mountaineers batting - Pitching for Orlando Calrissian : RHP Dave Heath
|
Batting: RHB Rafael González
|
0-0: Ball 1-0: Called Strike 1-1: Ground out 5-3 (Groundball, 56)
|
Batting: LHB Chris Bates
|
0-0: Ball 1-0: Ball 2-0: Called Strike 2-1: SINGLE (Flyball, 78S)
|
Batting: SHB Juan Castro
|
0-0: Ball 1-0: SINGLE (Line Drive, 7S) Chris Bates to second
|
Pitching: RHP Jorge Jiménez
|
|
Batting: RHB António Zúñiga
|
0-0: Reached via error on a dropped throw, E3 Chris Bates to third Juan Castro to second
|
Pitching: LHP Pepe Caro
|
|
Batting: LHB Lorenzo Quintanilla
|
0-0: Called Strike 0-1: Ball 1-1: Called Strike 1-2: Foul Ball, location: 2F 1-2: Strikes out looking
|
Batting: RHB John Anderson
|
0-0: Called Strike 0-1: GRAND SLAM HOME RUN (Flyball, 9D), Distance : 389 ft
|
Pitching: RHP Will Huggins
|
|
Batting: LHB Tommy Payne
|
0-0: Ball 1-0: Called Strike 1-1: Ball 2-1: Foul Ball, location: 2F 2-2: Strikes out looking
|
Top of the 7th over - 4 run(s), 3 hit(s), 1 error(s), 0 left on base; Beech Mountain 7 - Orlando 7 |
BOTTOM OF THE 7TH |
Orlando Calrissian batting - Pitching for Beech Mountain Mountaineers : RHP Troy Parker
|
Pinch Hitting: LHB Danny Allen
|
0-0: Swinging Strike 0-1: Ball 1-1: Ball 2-1: Ball 3-1: Foul Ball, location: 2F 3-2: Base on Balls
|
Pitching: RHP Tony Murillo
|
|
Pinch Hitting: RHB Raúl Canó
|
0-0: Ball Wild Pitch! Danny Allen to second 1-0: Intentional Walk
|
Batting: RHB Júlio Negrón
|
0-0: Ball 1-0: Ball 2-0: Bunted foul 2-1: Sac Bunt - play at first, batter OUT! 1-4 Danny Allen to third Raúl Canó to second
|
Batting: RHB Rich Anderson
|
0-0: Ball 1-0: Ball 2-0: Called Strike 2-1: Ball 3-1: Base on Balls
|
Batting: SHB Tim Abbott
|
0-0: Ball 1-0: Called Strike 1-1: Fly out, F2 (Popup, 25)
|
Batting: LHB Santiago Márquez
|
0-0: Ground out 3-1 (Groundball, 34S)
|
Bottom of the 7th over - 0 run(s), 0 hit(s), 0 error(s), 3 left on base; Beech Mountain 7 - Orlando 7 |
TOP OF THE 8TH |
Beech Mountain Mountaineers batting - Pitching for Orlando Calrissian : RHP Will Huggins
|
Now at 1B: Jaime Montés
|
|
Now in CF: Raúl Canó
|
|
Batting: RHB Boyd Pittman
|
0-0: Foul Ball, location: 2F 0-1: Ball 1-1: Ball 2-1: Foul Ball, location: 2F 2-2: Ball 3-2: Ground out 6-3 (Groundball, 6)
|
Batting: RHB Jared Thompson
|
0-0: Foul Ball, location: 2F 0-1: Ground out 5-3 (Groundball, 5)
|
Pinch Hitting: RHB Jesús Cruz
|
0-0: Called Strike 0-1: Swinging Strike 0-2: Foul Ball, location: 2F 0-2: Strikes out looking
|
Top of the 8th over - 0 run(s), 0 hit(s), 0 error(s), 0 left on base; Beech Mountain 7 - Orlando 7 |
BOTTOM OF THE 8TH |
Orlando Calrissian batting - Pitching for Beech Mountain Mountaineers : RHP Tony Murillo
|
Now at 1B: Pedro Gonzáles
|
|
Batting: RHB Frederico Hernández
|
0-0: Ball 1-0: Foul Ball, location: 2F 1-1: Foul Ball, location: 2F 1-2: Fly out, F7 (Flyball, 78M)
|
Batting: SHB Cristo Ontiveros
|
0-0: Ball 1-0: Foul Ball, location: 2F 1-1: Swinging Strike 1-2: Ball 2-2: Ground out 6-3 (Groundball, 6M)
|
Batting: SHB Brian Price
|
0-0: Foul Ball, location: 2F 0-1: Called Strike 0-2: Foul Ball, location: 2F 0-2: Ball 1-2: Fly out, F8 (Flyball, 8LD)
|
Bottom of the 8th over - 0 run(s), 0 hit(s), 0 error(s), 0 left on base; Beech Mountain 7 - Orlando 7 |
TOP OF THE 9TH |
Beech Mountain Mountaineers batting - Pitching for Orlando Calrissian : RHP Will Huggins
|
Pitching: LHP Xavier Velázquez
|
|
Batting: LHB Chris Bates
|
0-0: Called Strike 0-1: Ball 1-1: Fly out, F3 (Popup, 3L)
|
Batting: SHB Juan Castro
|
0-0: Ball 1-0: Ball 2-0: Ball 3-0: Called Strike 3-1: Base on Balls
|
Batting: RHB António Zúñiga
|
0-0: Ball 1-0: Swinging Strike 1-1: Foul Ball, location: 2F 1-2: Foul Ball, location: 2F 1-2: Ball 2-2: SINGLE (Line Drive, 6MD) Juan Castro to second
|
Batting: LHB Lorenzo Quintanilla
|
0-0: Ball 1-0: Fly out, F8 (Line Drive, 78M)
|
Batting: RHB John Anderson
|
0-0: Ground out 5-3 (Groundball, 56S)
|
Top of the 9th over - 0 run(s), 1 hit(s), 0 error(s), 2 left on base; Beech Mountain 7 - Orlando 7 |
BOTTOM OF THE 9TH |
Orlando Calrissian batting - Pitching for Beech Mountain Mountaineers : RHP Tony Murillo
|
Batting: SHB Jaime Montés
|
0-0: Ball 1-0: Ball 2-0: Ball 3-0: Called Strike 3-1: SINGLE (Line Drive, 4M)
|
Batting: RHB Raúl Canó
|
0-0: Ball 1-0: Sac Bunt - play at second, runner OUT! 1-6
|
Batting: RHB Júlio Negrón
|
0-0: Swinging Strike 0-1: Ground out 5-3 (Groundball, 56) Raúl Canó to second
|
Batting: RHB Rich Anderson
|
0-0: Ball 1-0: Foul Ball, location: 2F 1-1: Ball 2-1: Ball 3-1: Called Strike 3-2: Foul Ball, location: 2F 3-2: SINGLE (Line Drive, 6D) Raúl Canó to third Raúl Canó scores
|
Tuesday, August 8th, 2017 - OOTP Baseball 17.12 Build 75
|
|